 Dungeon Crawl Stone Soup version 0.28-a0-973-ga7f8b01127 (webtiles) character file.

Game seed: 8421860451446623193

13983 ders the Thaumaturge (level 12, -7/59 HPs)
             Began as a Gargoyle Earth Elementalist on Dec 2, 2021.
             Was a Priest of Vehumet.
             Mangled by an earth elemental (30 damage)
             ... on level 12 of the Dungeon.
             The game lasted 00:20:30 (19671 turns).

ders the Thaumaturge (Gargoyle Earth Elementalist) Turns: 19671, Time: 00:20:30

Health: -7/59      AC: 18    Str: 12    XL:     12   Next: 11%
Magic:  2/25       EV: 13    Int: 21    God:    Vehumet [***...]
Gold:   581        SH:  5    Dex: 10    Spells: 20/29 levels left

rFire   + . .      SeeInvis .   S - staff of conjuration
rCold   . . .      Faith    .   (no shield)
rNeg    + . .      Spirit   .   p - +0 steam dragon scales
rPois   ∞          Reflect  +   y - +2 hat
rElec   +          Harm     .   (no cloak)
rCorr   .          Rampage  .   E - +2 pair of gloves
Will    .....                   (no boots)
Stlth   +++.......              x - amulet of reflection
HPRegen 0.19/turn               v - ring of wizardry
MPRegen 0.19/turn               i - ring of protection from fire

@: no status effects
A: sickness immunity, AC +8, negative energy resistance 1, electricity
resistance, torment resistance 1, petrification resistance
a: Renounce Religion


You were on level 12 of the Dungeon.
You worshipped Vehumet.
Vehumet was most pleased with you.
You visited 2 branches of the dungeon, and saw 13 of its levels.
You also visited: Sewer and Ossuary.

You collected 971 gold pieces.
You spent 390 gold pieces at shops.

Inventory:

Missiles
 B - 52 stones (quivered)
Armour
 b - a +0 robe
 p - +0 steam dragon scales (worn)
 y - a +2 hat (worn)
 E - a +2 pair of gloves (worn)
Magical Staves
 S - a staff of conjuration (weapon)
Jewellery
 h - a ring of resist corrosion
 i - a ring of protection from fire (right hand)
 u - an amulet of guardian spirit
 v - a ring of wizardry (left hand)
 x - an amulet of reflection (around neck)
 M - a +4 ring of protection
 O - a ring of protection from fire
 U - a ring of willpower
 V - a +6 ring of strength
Wands
 s - a wand of flame (64)
 w - a wand of paralysis (10)
 D - a wand of charming (11)
 R - a wand of polymorph (9)
Scrolls
 a - 2 scrolls of immolation
 c - 3 scrolls of summoning
 d - 4 scrolls of teleportation
 j - a scroll of brand weapon
 l - 3 scrolls of noise
 m - 2 scrolls of blinking
 o - 6 scrolls of fog
 q - a scroll of enchant weapon
 K - 7 scrolls of identify
 L - 3 scrolls of fear
 P - a scroll of magic mapping
 Q - 2 scrolls of enchant armour
 T - a scroll of amnesia
Potions
 e - 3 potions of heal wounds
 f - 2 potions of cancellation {unknown}
 g - 3 potions of curing
 k - 4 potions of attraction
 n - 4 potions of berserk rage
 r - a potion of magic
 t - 2 potions of haste {unknown}
 z - 5 potions of brilliance
 A - 2 potions of resistance
 C - 4 potions of lignification
 F - a potion of mutation {unknown}
 G - 4 potions of might
 H - 2 potions of invisibility {unknown}
 I - a potion of flight {unknown}
 J - a potion of ambrosia {unknown}
 N - 2 potions of degeneration {unknown}


   Skills:
 - Level 5.2 Dodging
 - Level 7.6 Stealth
 + Level 9.4 Spellcasting
 + Level 8.7 Conjurations
 + Level 8.5 Transmutations
 - Level 8.1 Earth Magic


You had 20 spell levels left.
You knew the following spells:

 Your Spells              Type           Power      Damage    Failure   Level
a - Sandblast             Erth           88%        2d18      1%          1
b - Stone Arrow           Conj/Erth      100%       3d13      1%          3
c - Irradiate             Conj/Tmut      31%        3d24      1%          5

Your spell library contained the following spells:

 Spells                   Type           Power      Damage    Failure   Level
 Dazzling Flash           Conj/Hex       84%        N/A       1%          3
 Beastly Appendage        Tmut           90%        N/A       1%          1
 Shock                    Conj/Air       100%       1d9       1%          1
 Passwall                 Tmut/Erth      37%        N/A       1%          2
 Searing Ray              Conj           100%       2d8       1%          2
 Wereblood                Tmut           45%        N/A       1%          2
 Conjure Flame            Conj/Fire      42%        6-21      1%          3
 Ignite Poison            Fire/Tmut/Pois 21%        N/A       1%          3
 Spider Form              Tmut/Pois      27%        N/A       1%          3
 Petrify                  Tmut/Erth      45%        N/A       1%          4
 Sticky Flame             Conj/Fire      42%        2d6       1%          4
 Iskenderun's Battlesphe  Conj           63%        2d11      1%          5
 Animate Skeleton         Necr           18%        N/A       2%          1
 Apportation              Tloc           18%        N/A       2%          1
 Summon Small Mammal      Summ           36%        N/A       2%          1
 Fireball                 Conj/Fire      21%        3d10      4%          5
 Airstrike                Air            4%         N/A       8%          4
 Swiftness                Air            9%         N/A       9%          3
 Starburst                Conj/Fire      21%        6d7       19%         6
 Passage of Golubria      Tloc           9%         N/A       26%         4
 Silence                  Hex/Air        4%         N/A       56%         5
 Lehudib's Crystal Spear  Conj/Erth      31%        10d8      73%         8
 Ignition                 Fire           4%         3d4       100%        8


Dungeon Overview and Level Annotations

Branches:
Dungeon (12/15)            Temple (1/1) D:6            Lair (0/6) D:9
    Orc (0/2) D:10          Sewer (visited)         Ossuary (visited)

Altars:
Ashenzari
Cheibriados
Dithmenos
Elyvilon
Fedhas
Gozag
Hepliaklqana
Kikubaaqudgha
Makhleb
Nemelex Xobeh
Okawaru
Qazlal
Ru
Sif Muna
Trog
Uskayaw
Vehumet
Wu Jian
Xom
Yredelemnul
Zin
The Shining One
Beogh

Shops:
D:9 *

Annotations:
D:7 3 runed translucent doors, McGhostyFace's ghost, novice GnWz
D:12 Azrael


Innate Abilities, Weirdness & Mutations

You are immune to sickness and miasma.
Your stone body is resilient. (AC +8)
You are immune to poison.
You resist negative energy. (rN+)
You are resistant to electric shocks. (rElec)
You are resistant to unholy torment.
You are immune to petrification.


Message History

Casting: Stone Arrow (safe; 1% risk of failure)
Confirm with . or Enter, or press ? or * to list all spells.
Aiming: Stone Arrow (safe; 1% risk of failure)
Press: ? - help, Shift-Dir - straight line, f/p - earth elemental
Aim: an earth elemental (almost destroyed, 95% to hit)
You feel a surge of power!
The stone arrow hits the earth elemental!
You destroy the earth elemental!
Vehumet accepts your kill.
Unknown command.
Casting: Stone Arrow (safe; 1% risk of failure)
Confirm with . or Enter, or press ? or * to list all spells.
Aiming: Stone Arrow (safe; 1% risk of failure)
Press: ? - help, Shift-Dir - straight line, f - earth elemental
Aim: an earth elemental (95% to hit)
You feel a surge of power!
The stone arrow hits the earth elemental.
The earth elemental is lightly damaged.
The earth elemental hits you but does no damage.
Unknown command.
Casting: Stone Arrow (safe; 1% risk of failure)
Confirm with . or Enter, or press ? or * to list all spells.
Aiming: Stone Arrow (safe; 1% risk of failure)
Press: ? - help, Shift-Dir - straight line, f/p - earth elemental
Aim: an earth elemental (lightly damaged, 95% to hit)
You feel a surge of power!
The stone arrow hits the earth elemental.
The earth elemental is lightly damaged.
Unknown command.
Casting: Stone Arrow (safe; 1% risk of failure)
Confirm with . or Enter, or press ? or * to list all spells.
Aiming: Stone Arrow (safe; 1% risk of failure)
Press: ? - help, Shift-Dir - straight line, f/p - earth elemental
Aim: an earth elemental (lightly damaged, 95% to hit)
You feel a surge of power!
The stone arrow hits the earth elemental!!
The earth elemental is severely damaged.
The earth elemental hits you!!
Ouch! That really hurt!
You die...

## #.# #.# #.#
## #E#.# # ##
#@## # #.# ##.#
# #.# ##.## #.#
##.#.# ####
#.###.####
#######...
#.#.#.#
..........
##.#### <
..........
#####.#.######..
.......)).
................
..........


You could see an earth elemental.

Vanquished Creatures
  A two-headed ogre (D:10)
  An orc knight (D:10)
  A manticore (D:11)
  3 centaur zombies (D:10)
  Maggie (D:9)
  3 unseen horrors
  A kobold demonologist (D:10)
  A komodo dragon (D:10)
  A shadow (D:10)
  A vampire (D:10)
  2 wraiths (D:10)
  26 yaks
  2 wyverns
  A basilisk (D:11)
  A vampire mosquito (D:10)
  3 steam dragons
  A warg (D:10)
  2 acid dragons
  2 water moccasins
  A hell hound (D:12)
  6 orc warriors
  A black bear (D:5)
  A necrophage (D:6)
  3 ogres
  An ice beast (D:7)
  3 centaurs
  2 phantoms
  3 kobold brigands
  Blork the orc (D:6)
  4 bullfrogs
  3 scorpions
  2 gnoll sergeants
  2 earth elementals (D:12)
  6 killer bees (D:10)
  7 wights
  4 howler monkeys
  4 electric eels (D:9)
  A bullfrog zombie (D:6)
  3 orc priests
  2 hounds
  A bullfrog skeleton (D:5)
  A gnoll shaman (D:7)
  4 orc wizards
  3 iguanas
  A killer bee zombie (D:8)
  8 mummies (Ossuary)
  2 howler monkey zombies
  11 gnolls
  4 river rats (Sewer)
  9 adders
  A white imp (D:6)
  2 worms
  2 dart slugs
  22 orcs
  20 ball pythons
  9 endoplasms
  7 giant cockroaches
  2 goblins (D:2)
  6 hobgoblins
  8 quokkas
  9 bats
  4 frilled lizards
  2 gnoll zombies (Ossuary)
  A hobgoblin zombie (Ossuary)
  19 kobolds
  3 kobold zombies (Ossuary)
  2 orc zombies (Ossuary)
  25 rats
302 creatures vanquished.

Vanquished Creatures (collateral kills)
  A steam dragon (D:7)
  A jelly (D:7)
  A howler monkey skeleton (D:7)
3 creatures vanquished.

Vanquished Creatures (others)
  8 plants (D:10)
8 creatures vanquished.

Grand Total: 313 creatures vanquished

Notes
Turn   | Place    | Note
-------+----------+-------------------------------------------
     0 | D:1      | ders the Gargoyle Earth Elementalist began the quest for
                  | the Orb.
     0 | D:1      | Reached XP level 1. HP: 10/10 MP: 3/3
   394 | D:1      | Reached skill level 1 in Transmutations
   394 | D:1      | Reached XP level 2. HP: 15/15 MP: 3/5
  1115 | D:2      | Reached XP level 3. HP: 19/19 MP: 4/6
  1233 | D:2      | Found a faded altar of an unknown god.
  1354 | D:2      | Reached XP level 4. HP: 14/24 MP: 0/7
  1885 | D:2      | Learned a level 3 spell: Stone Arrow
  2076 | D:2      | Reached XP level 5. HP: 28/28 MP: 6/9
  2753 | D:3      | Found a broken altar of Ashenzari.
  3513 | D:4      | Reached skill level 3 in Spellcasting
  3513 | D:4      | Reached XP level 6. HP: 23/32 MP: 5/10
  3853 | D:4      | Noticed a steam dragon
  3858 | D:4      | Killed a steam dragon
  3859 | D:4      | Reached skill level 5 in Earth Magic
  3859 | D:4      | Reached XP level 7. HP: 36/36 MP: 1/12
  4822 | D:5      | Entered Level 5 of the Dungeon
  5461 | D:5      | Reached skill level 5 in Stealth
  5697 | D:5      | Reached skill level 4 in Spellcasting
  5700 | D:5      | Reached XP level 8. HP: 41/41 MP: 1/14
  6126 | D:6      | Found a staircase to the Ecumenical Temple.
  6137 | Temple   | Entered the Ecumenical Temple
  6246 | D:6      | Found a glowing drain.
  6274 | Sewer    | Entered a sewer
  7799 | D:6      | Found a white marble altar of Elyvilon.
  7802 | D:6      | Found a basalt altar of Yredelemnul.
  7802 | D:6      | Found a glowing golden altar of the Shining One.
  7802 | D:6      | Found a hazy altar of Hepliaklqana.
  7825 | D:6      | Found a radiant altar of Vehumet.
  7825 | D:6      | Noticed Blork the orc
  7826 | D:6      | Found a stormy altar of Qazlal.
  7831 | D:6      | Killed Blork the orc
  8033 | D:6      | Became a worshipper of Vehumet
  8331 | D:6      | Found an ornate altar of the Wu Jian Council.
  8504 | D:7      | Reached skill level 5 in Spellcasting
  8504 | D:7      | Reached XP level 9. HP: 42/45 MP: 3/16
  8526 | D:7      | Found a sand-covered staircase.
  8537 | Ossuary  | Entered an ossuary
  9366 | D:7      | Reached * piety under Vehumet
  9366 | D:7      | Offered knowledge of Shock by Vehumet.
  9411 | D:7      | Reached skill level 5 in Dodging
  9829 | D:7      | Found a runed translucent gate.
  9830 | D:7      | Found a runed translucent gate.
  9831 | D:7      | Found a runed translucent gate.
  9846 | D:7      | Noticed McGhostyFace's ghost (novice GnWz)
 10158 | D:7      | Reached skill level 5 in Transmutations
 10541 | D:8      | Noticed a hornet
 11613 | D:8      | Reached XP level 10. HP: 50/50 MP: 11/18
 11616 | D:8      | Reached skill level 6 in Spellcasting
 11616 | D:8      | Reached skill level 1 in Conjurations
 12161 | D:8      | Found a shimmering blue altar of Sif Muna.
 12811 | D:9      | Found Suophikk's Demolitions Depot.
 12830 | D:9      | Found a staircase to the Lair.
 13376 | D:9      | Noticed Maggie
 13773 | D:9      | Bought the Papyrus of Battle Magic for 390 gold pieces
 13782 | D:9      | Learned a level 5 spell: Irradiate
 13817 | D:10     | Entered Level 10 of the Dungeon
 13951 | D:10     | Noticed a kobold demonologist
 13957 | D:10     | Killed a kobold demonologist
 14392 | D:10     | Reached skill level 7 in Spellcasting
 14660 | D:10     | Reached ** piety under Vehumet
 14749 | D:10     | Offered knowledge of Magic Dart by Vehumet.
 14750 | D:10     | Reached skill level 5 in Conjurations
 15266 | D:10     | Found a staircase to the Orcish Mines.
 15510 | D:9      | Killed Maggie
 15511 | D:9      | Reached XP level 11. HP: 50/54 MP: 4/22
 16125 | D:10     | Reached skill level 8 in Spellcasting
 16572 | D:10     | Noticed a two-headed ogre
 16575 | D:10     | Noticed an orc knight
 16582 | D:10     | Killed an orc knight
 16584 | D:10     | Killed a two-headed ogre
 16626 | D:10     | Offered knowledge of Dazzling Flash by Vehumet.
 17672 | D:11     | Reached skill level 9 in Spellcasting
 17980 | D:10     | Reached *** piety under Vehumet
 18237 | D:11     | Identified the +1 mace "Ogrebane" {freeze, Fly rCorr Str-3}
 18341 | D:11     | Noticed a manticore
 18346 | D:11     | Killed a manticore
 18347 | D:11     | Reached XP level 12. HP: 44/59 MP: 15/25
 19229 | D:12     | Noticed Azrael
 19671 | D:12     | Mangled by an earth elemental

Illustrated notes

Levels and vault maps discovered:
D:1:      minmay_arrival_pointy, layout_loops_corners
D:2:      layout_basic, ebering_ecumenical_altar_box, mrwooster_statue_mirror,
          minmay_pentomino_t4
D:3:      layout_basic, mainiacjoe_overflow_small_starburst, st_stairs_6
D:4:      layout_layer_cave
D:5:      layout_basic
D:6:      layout_loops_ring, grunt_temple_overflow_open,
          nzn_wu_jian_council_hall, minmay_temple_entry_wispy,
          portal_sewer_entry_f, minmay_tree_intersection, grunt_ministairs_8,
          uniq_blork_the_orc
D:7:      layout_cave_pools, biasface_ghost_orc_armoury, enter_ossuary_1
D:8:      layout_layer_cave, led_sif_book
D:9:      layout_basic, lair_entry_dummy, nicolae_blasting_shop,
          lemuel_another_geyser, uniq_maggie
D:10:     nzn_winding_woodlands_medium [nzn_winding_woodlands_5x5_three,
          nzn_winding_woodlands_5x15_eye, nzn_winding_woodlands_5x5_default,
          nzn_winding_woodlands_5x5_closed_star,
          nzn_winding_woodlands_center_garden, nzn_winding_woodlands_hourglass,
          nzn_winding_woodlands_5x5_cross, nzn_winding_woodlands_5x15_pool,
          nzn_winding_woodlands_5x5_open_star], layout_layer_cave, david_orc_3
D:11:     minmay_spotlight, layout_loops_cross
D:12:     layout_irregular_city, hangedman_cracks_in_the_wall, uniq_kirke,
          uniq_azrael
Temple:   cyrus_circular_temple

Skill      XL: |  1  2  3  4  5  6  7  8  9 10 11 |
---------------+----------------------------------+-----
Transmutations | 1 2 3 4 5 6 8 |  8.5
Earth Magic    | 4 5 7 8 |  8.1
Dodging        | 2 3 4 5 |  5.2
Stealth        | 3 4 5 6 7 |  7.6
Spellcasting   | 3 4 5 7 9 |  9.4
Conjurations   | 5 8 |  8.7

Action                   |  1- 3 |  4- 6 |  7- 9 | 10-12 || total
-------------------------+-------+-------+-------+-------++-------
Melee: Unarmed           |       |     3 |    96 |     4 ||   103
       Staff             |       |       |       |    14 ||    14
 Cast: Sandblast         |    38 |    73 |   128 |    76 ||   315
       Stone Arrow       |       |     6 |   107 |   210 ||   323
       Irradiate         |       |       |       |     5 ||     5
  Use: Scroll            |       |       |    24 |     4 ||    28
       Potion            |       |       |     1 |     3 ||     4
Armor: Robe              |     7 |     9 |   123 |       ||   139
       Steam dragon scal |       |       |    24 |   135 ||   159
Dodge: Dodged            |     6 |    30 |   223 |   139 ||   398
Block: Other             |       |       |    85 |    48 ||   133
       Reflection        |       |       |       |     3 ||     3

Table legend: (Time is in decaauts)
 A = Elapsed time spent in this place.
 B = Non-inter-level travel time spent in this place.
 C = Inter-level travel time spent in this place.
 D = Time resting spent in this place.
 E = Time spent auto-exploring this place.
 F = Levels seen in this place.
 G = Mean time per level.
                   A        B        C        D        E       F      G
               +--------+--------+--------+--------+--------+-----+--------+
         Total |  19765 |  19212 |    553 |   6325 |  10475 |  15 | 1317.7 |
       Dungeon |  17928 |  17383 |    545 |   5468 |   9843 |  12 | 1494.0 |
        Temple |     93 |     85 |      8 |      0 |     76 |   1 |   93.0 |
         Sewer |   1250 |   1250 |      0 |    618 |    387 |   1 | 1250.0 |
       Ossuary |    492 |    492 |      0 |    238 |    169 |   1 |  492.0 |
               +--------+--------+--------+--------+--------+-----+--------+

Top non-repeatable levels by time:
    D:10: 3619 daAuts
     D:9: 1958 daAuts
     D:7: 1656 daAuts
     D:8: 1641 daAuts
     D:4: 1421 daAuts
     D:1: 1342 daAuts
    D:11: 1317 daAuts
   Sewer: 1250 daAuts
     D:5: 1247 daAuts
     D:6: 1229 daAuts
     D:2: 1191 daAuts
     D:3: 865 daAuts
 Ossuary: 492 daAuts
    D:12: 437 daAuts
  Temple: 93 daAuts
